 Dungeon Crawl Stone Soup version 0.29-a0-82-g837932c90e (webtiles) character file.

Game seed: 14004622314336584218

832 lordive the Chopper (level 7, -3/60 HPs)
             Began as a Hill Orc Warper on Feb 4, 2022.
             Slain by Menkaure (12 damage)
             ... in an ossuary.
             The game lasted 00:04:54 (4157 turns).

lordive the Chopper (Hill Orc Warper)               Turns: 4157, Time: 00:04:54

Health: -3/60      AC: 16    Str: 14    XL:     7   Next: 98%
Magic:  9/9        EV:  6    Int: 15    God:
Gold:   143        SH:  0    Dex: 10    Spells: 4/9 levels left

rFire   . . .      SeeInvis .   m - +1 war axe (vorpal)
rCold   . . .      Faith    .   (no shield)
rNeg    . . .      Spirit   .   n - +4 chain mail
rPois   .          Reflect  .   p - +0 helmet
rElec   .          Harm     .   r - +0 cloak
rCorr   .          Rampage  .   g - +0 pair of gloves
Will    .....                   (no boots)
Stlth   ..........              (no amulet)
HPRegen 0.20/turn               (no ring)
MPRegen 0.11/turn               (no ring)

@: marked
A: no striking features
a: no special abilities


You were in an ossuary.
You visited 1 branch of the dungeon, and saw 4 of its levels.
You also visited: Ossuary.

You collected 143 gold pieces.

Inventory:

Hand Weapons
 a - a +0 hand axe
 m - a +1 vorpal war axe (weapon)
 o - a +4 spear
Missiles
 d - 5 boomerangs of dispersal (quivered)
 l - 3 boomerangs
Armour
 b - a +0 leather armour
 f - a +0 scale mail
 g - a +0 pair of gloves (worn)
 j - a +0 ring mail
 n - a +4 chain mail (worn)
 p - a +0 helmet (worn)
 r - a +0 cloak (worn)
Wands
 s - a wand of mindburst (19)
Scrolls
 c - 2 scrolls of blinking
 h - a scroll of teleportation {unknown}
 i - 2 scrolls of identify {unknown}
 k - a scroll of immolation {unknown}
 q - a scroll of vulnerability {unknown}


   Skills:
 + Level 4.5 Fighting
 + Level 7.1 Axes
 + Level 0.8 Throwing
 + Level 3.1 Armour
 + Level 2.5 Dodging
 + Level 1.7 Spellcasting
 * Level 3.9 Translocations
 * Level 3.6 Invocations


You had 4 spell levels left.
You knew the following spells:

 Your Spells              Type           Power      Damage    Failure   Level
a - Blink                 Tloc           26%        N/A       86%         2
b - Teleport Other        Tloc           13%        N/A       97%         3

Your spell library contained the following spells:

 Spells                   Type           Power      Damage    Failure   Level
 Gell's Gravitas          Tloc           13%        N/A       97%         3
 Lesser Beckoning         Tloc           13%        N/A       97%         3
 Manifold Assault         Tloc           13%        N/A       100%        5


Dungeon Overview and Level Annotations

Branches:
Dungeon (4/15)            Ossuary (1/1)
 Temple: D:4-7

Altars:

Annotations:
Ossuary Menkaure


Message History

A mummy comes into view.
You barely miss the mummy.
The mummy is moderately damaged.
The mummy hits you.
You are too injured to fight recklessly!
You are too injured to fight recklessly!
You are too injured to fight recklessly!
You are too injured to fight recklessly!
You are too injured to fight recklessly!
You are too injured to fight recklessly!
You are too injured to fight recklessly!
You are too injured to fight recklessly!
You are too injured to fight recklessly!
You are too injured to fight recklessly!
You are too injured to fight recklessly!
You are too injured to fight recklessly!
You are too injured to fight recklessly!
You are too injured to fight recklessly!
You are too injured to fight recklessly!
You are too injured to fight recklessly!
You are too injured to fight recklessly!
Unknown command.
Unknown command.
You slash the mummy!
The mummy is severely damaged.
You hit the mummy.
You destroy the mummy!
A rat skeleton comes into view.
Menkaure hits you!
* * * LOW HITPOINT WARNING * * *
You hit Menkaure.
Menkaure is lightly damaged.
Menkaure calls on the powers of darkness!
Your body is wracked with pain!
* * * LOW HITPOINT WARNING * * *
Unknown command.
You hit Menkaure.
Menkaure is moderately damaged.
Menkaure barely misses you. Menkaure hits you!
You die...

#..##..##..####..##..##..##
..##..##..## ##..##..##..##
.##..##..## ##..##..##..##
##..##..## ##..##..##..##
#..##..## ##..##..##..## ..##..##
##..##..##..## .##..##
##..##..##..##
##..##############ZZ##..##..##..#
#...............@MZZ.##..##..##..
########################.^##..##.
...........................##.^##
##############################..#
.................................
#################################


You could see Menkaure (fast), a goblin zombie, a rat skeleton, a hobgoblin
skeleton and an orc skeleton.

Vanquished Creatures
  Edmund (D:4)
  Duvessa (D:4)
  A necrophage (D:4)
  An elf zombie (D:4)
  An elf skeleton (D:4)
  Dowan (D:4)
  A human zombie (D:4)
  A jelly (D:4)
  A bullfrog skeleton (D:4)
  An iguana (D:3)
  An orc wizard (D:3)
  A hound skeleton (D:4)
  A mummy (Ossuary)
  Robin (D:2)
  5 adders
  3 dart slugs
  A worm (D:2)
  3 orcs
  4 ball pythons
  3 bats (D:1)
  10 endoplasms
  7 giant cockroaches
  3 gnoll zombies (Ossuary)
  11 goblins
  7 hobgoblins
  3 quokkas
  5 frilled lizards
  2 gnoll skeletons (Ossuary)
  2 goblin skeletons (Ossuary)
  6 goblin zombies (Ossuary)
  5 hobgoblin skeletons (Ossuary)
  4 hobgoblin zombies (Ossuary)
  2 kobolds
  4 kobold skeletons (Ossuary)
  4 kobold zombies (Ossuary)
  3 orc skeletons
  3 orc zombies (Ossuary)
  3 rats
  7 rat skeletons (Ossuary)
  4 rat zombies (Ossuary)
128 creatures vanquished.

Vanquished Creatures (others)
  An orc wizard (D:3)
1 creature vanquished.

Grand Total: 129 creatures vanquished

Notes
Turn   | Place    | Note
-------+----------+-------------------------------------------
     0 | D:1      | lordive the Hill Orc Warper began the quest for the Orb.
     0 | D:1      | Reached XP level 1. HP: 18/18 MP: 3/3
   347 | D:1      | Reached XP level 2. HP: 25/25 MP: 4/4
   708 | D:1      | Reached XP level 3. HP: 28/30 MP: 5/5
   714 | D:1      | Learned a level 2 spell: Blink
   718 | D:1      | Learned a level 3 spell: Teleport Other
  1259 | D:2      | Reached skill level 1 in Invocations
  1746 | D:2      | Noticed Robin
  1751 | D:2      | Reached XP level 4. HP: 24/38 MP: 6/6
  1753 | D:2      | Reached skill level 3 in Axes
  1759 | D:2      | Killed Robin
  2291 | D:3      | Found a faded altar of an unknown god.
  2637 | D:3      | Reached skill level 4 in Axes
  2637 | D:3      | Reached XP level 5. HP: 36/45 MP: 7/7
  3257 | D:4      | Noticed a necrophage
  3271 | D:4      | Killed a necrophage
  3272 | D:4      | Reached skill level 5 in Axes
  3272 | D:4      | Reached XP level 6. HP: 42/52 MP: 8/8
  3368 | D:4      | Noticed Duvessa
  3381 | D:4      | Noticed Dowan
  3386 | D:4      | Killed Duvessa
  3391 | D:4      | Killed Dowan
  3392 | D:4      | Reached XP level 7. HP: 32/54 MP: 9/9
  3589 | D:4      | Noticed Edmund
  3596 | D:4      | Reached skill level 6 in Axes
  3607 | D:4      | Killed Edmund
  3690 | D:4      | Found a sand-covered staircase.
  3706 | D:4      | Reached skill level 7 in Axes
  3713 | Ossuary  | Entered an ossuary
  4143 | Ossuary  | Noticed Menkaure
  4157 | Ossuary  | Slain by Menkaure

Illustrated notes

Levels and vault maps discovered:
D:1:      dpeg_arrival_circle_labyrinth_a, layout_basic
D:2:      minmay_angry_zag, layout_rooms, uniq_robin
D:3:      layout_basic, chequers_ecumenical_altar_simple_redux
D:4:      layout_loops_cross, nicolae_ossuary_entry_catacombs, uniq_sigmund,
          uniq_edmund, uniq_duvessa
Ossuary:  ossuary_due_pyramid

Skill      XL: |  1  2  3  4  5  6  7 |
---------------+----------------------+-----
Fighting       | 3 4 |  4.5
Invocations    | 1 2 3 |  3.6
Dodging        | 2 |  2.5
Axes           | 4 5 7 |  7.1
Translocations | 3 |  3.9
Armour         | 2 3 |  3.1
Throwing       | |  0.8
Spellcasting   | |  1.7

Action                   |  1- 3 |  4- 6 |  7- 9 || total
-------------------------+-------+-------+-------++-------
Melee: Hand axe          |    75 |       |       ||    75
       Punch             |     1 |     1 |     2 ||     4
       War axe           |    25 |   112 |   154 ||   291
  Use: Potion            |       |       |     2 ||     2
Armor: Scale mail        |    38 |       |       ||    38
       Leather armour    |     6 |       |       ||     6
       Chain mail        |    15 |    88 |    76 ||   179
Dodge: Dodged            |    59 |    30 |    33 ||   122

Table legend: (Time is in decaauts)
 A = Elapsed time spent in this place.
 B = Non-inter-level travel time spent in this place.
 C = Inter-level travel time spent in this place.
 D = Time resting spent in this place.
 E = Time spent auto-exploring this place.
 F = Levels seen in this place.
 G = Mean time per level.
                   A        B        C        D        E       F      G
               +--------+--------+--------+--------+--------+-----+--------+
         Total |   4236 |   4131 |    105 |     16 |   3193 |   5 |  847.2 |
       Dungeon |   3780 |   3675 |    105 |     16 |   2919 |   4 |  945.0 |
       Ossuary |    455 |    455 |      0 |      0 |    274 |   1 |  455.0 |
               +--------+--------+--------+--------+--------+-----+--------+

Top non-repeatable levels by time:
     D:3: 1224 daAuts
     D:2: 1081 daAuts
     D:1: 993 daAuts
     D:4: 480 daAuts
 Ossuary: 455 daAuts
